Map: [ESL] Data-C

Players

Serral - Winner!

  • Race: Zerg Zerg
  • Spawn Location: 3:00

RagnaroK (SHIN)

  • Race: Zerg Zerg
  • Spawn Location: 9:00

Event: DreamHack SC2 Masters 2022 Atlanta (Offline)

VOD

Have the link to the VOD?

Description

Time

  • Played on: Nov. 19, 2022, 4:35 p.m.
  • Length: 10:17

All games in this series

Show
View Real Time Build Order
Export as new Build Order

Serral Zerg - Winner!

Build Orders: Hatch First 

Get SALT Encoding   

  12  0:00  Drone  
  13  0:12  Overlord  
  13  0:17  Drone  
  14  0:30  Drone x2  
  16  0:48  Hatchery  
  15  0:51  Drone  
  15  0:54  Drone  
  17  0:58  Drone  
  18  1:09  Extractor  
  17  1:13  Spawning Pool  
  17  1:16  Drone  
  17  1:20  Drone  
  18  1:27  Drone  
  19  1:38  Drone  
  20  1:49  Drone  
  21  2:00  Queen x2  
  21  2:01  Zergling x2, Overlord  
  26  2:10  Drone  
  26  2:11  Drone  
  26  2:12  Metabolic Boost  
  28  2:22  Zergling x2, Drone  
  30  2:35  Hatchery  
  30  2:36  Drone  
  30  2:38  Drone  
  30  2:43  Drone  
  32  2:49  Baneling Nest  
  32  2:50  Overlord  
  31  2:54  Drone  
  31  2:55  Drone  
  33  3:04  Zergling x2  
  34  3:06  Drone  
  34  3:08  Drone x3  
  34  3:12  Zergling x4  
  39  3:18  Overlord  
  39  3:19  Drone  
  40  3:24  Queen  
  40  3:26  Drone  
  43  3:33  Evolution Chamber  
  42  3:35  Baneling  
  42  3:39  Zergling x4  
  44  3:41  Baneling  
  44  3:43  Overlord  
  44  3:45  Drone x2  
  44  3:47  Drone x2  
  46  3:59  Queen  
  46  4:00  Zergling x4, Roach Warren  
  49  4:09  Zergling x8  
  52  4:14  Spine Crawler  
  51  4:18  Spine Crawler  
  50  4:24  Zergling x8  
  50  4:26  Overlord  
  50  4:30  Baneling x2  
  50  4:31  Zergling x4  
  56  4:41  Zergling x12  
  61  4:51  Zergling x2  
  61  4:52  Zergling x6  
  58  4:54  Baneling x2  
  58  4:59  Drone x4  
  60  5:04  Drone x3  
  60  5:06  Queen  
  62  5:13  Queen  
  63  5:15  Baneling x4  
  63  5:16  Drone  
  63  5:20  Extractor x2  
  61  5:22  Zerg Missile Weapons Level 1  
  61  5:25  Drone  
  61  5:26  Drone x2  
  63  5:29  Drone x2  
  61  5:37  Drone x2  
  56  5:47  Roach x5  
  63  5:51  Drone x3  
  67  5:57  Drone x2  
  67  6:00  Lair  
  67  6:03  Zergling x2  
  69  6:11  Zergling x2  
  69  6:12  Roach  
  69  6:13  Roach  
  69  6:15  Extractor  
  69  6:17  Zergling x2  
  73  6:18  Overlord x3  
  73  6:23  Overlord  
  73  6:37  Drone  
  73  6:38  Drone x5  
  78  6:43  Ravager  
  78  6:45  Drone  
  78  6:46  Drone, Roach x2  
  78  6:47  Roach  
  87  6:49  Zergling x2  
  87  6:52  Overlord  
  88  6:55  Roach x3  
  88  6:58  Overseer  
  88  6:59  Glial Reconstitution  
  88  7:00  Overlord  
  94  7:06  Drone, Extractor  
  93  7:09  Roach x5  
  93  7:15  Extractor  
  102  7:17  Overlord  
  102  7:18  Roach x4  
  110  7:25  Overlord  
  110  7:28  Drone x4  
  114  7:33  Drone, Spire  
  114  7:36  Drone  
  115  7:37  Drone x2  
  115  7:38  Drone  
  115  7:39  Drone  
  115  7:41  Zerg Missile Weapons Level 2  
  119  7:47  Drone x2  
  119  7:48  Roach  
  119  7:49  Hatchery  
  119  7:50  Overlord  
  122  7:53  Roach x2  
  126  8:00  Roach  
  126  8:01  Roach x3  
  126  8:03  Overlord  
  136  8:05  Roach  
  136  8:06  Overseer  
  136  8:07  Overlord  
  136  8:13  Overlord  
  136  8:14  Overlord  
  136  8:16  Roach  
  136  8:17  Roach  
  140  8:22  Overlord  
  140  8:27  Roach x2  
  140  8:28  Roach x2  
  140  8:32  Overlord  
  140  8:33  Roach x3  
  154  8:45  Drone x3  
  154  8:46  Drone  
  158  8:54  Drone  
  158  8:55  Drone, Extractor  
  158  8:56  Extractor  
  158  9:00  Mutalisk x6  
  170  9:08  Mutalisk x2  
  172  9:13  Queen  
  172  9:15  Overseer  
  172  9:17  Mutalisk  
  174  9:21  Mutalisk  
  178  9:25  Overlord  
  178  9:28  Overseer  
  178  9:29  Mutalisk x2  
  182  9:34  Mutalisk  
  182  9:38  Overlord x3  
  184  9:44  Spore Crawler  
Show
View Real Time Build Order
Export as new Build Order

RagnaroK Zerg 

Build Orders: Hatch First 

Get SALT Encoding   

  12  0:00  Drone  
  13  0:12  Overlord  
  13  0:17  Drone  
  14  0:31  Drone x2  
  16  0:47  Hatchery  
  15  0:51  Drone  
  15  0:54  Drone  
  17  0:57  Drone  
  18  1:09  Extractor  
  17  1:12  Spawning Pool  
  17  1:15  Drone  
  17  1:19  Drone  
  18  1:28  Drone  
  19  1:38  Drone  
  20  1:49  Drone  
  21  1:59  Queen x2  
  21  2:00  Zergling x2  
  21  2:01  Drone  
  27  2:10  Overlord  
  27  2:11  Drone  
  27  2:12  Metabolic Boost  
  28  2:28  Drone x2  
  30  2:33  Hatchery  
  30  2:35  Drone  
  30  2:39  Drone  
  31  2:46  Baneling Nest  
  31  2:50  Overlord  
  30  2:52  Drone  
  31  3:00  Roach Warren  
  31  3:03  Zergling x4  
  32  3:11  Zergling x6  
  35  3:13  Zergling x2  
  35  3:16  Zergling x2  
  37  3:20  Overlord  
  37  3:35  Baneling x2  
  37  3:40  Roach x5  
  47  3:46  Roach  
  49  3:51  Drone x3  
  48  4:00  Zergling x8  
  52  4:08  Zergling x6  
  55  4:14  Drone x3  
  57  4:22  Baneling x2  
  57  4:25  Overlord  
  57  4:27  Overlord  
  57  4:33  Overlord  
  57  4:38  Drone  
  57  4:40  Drone, Evolution Chamber  
  57  4:44  Drone x4  
  61  4:46  Drone  
  61  4:48  Drone  
  61  4:49  Drone  
  59  4:54  Roach  
  59  4:57  Roach  
  59  4:59  Roach  
  60  5:01  Zergling x2  
  60  5:03  Zergling x2  
  60  5:04  Ravager  
  60  5:05  Zergling x2  
  57  5:08  Extractor  
  57  5:10  Zergling x2  
  57  5:11  Zergling x2, Roach  
  58  5:17  Zergling x2, Roach  
  58  5:18  Zergling x2  
  59  5:22  Zergling x6  
  59  5:27  Roach  
  64  5:35  Roach  
  64  5:41  Roach  
  58  5:44  Roach  
  58  5:46  Zergling x14  
  59  5:54  Queen  
  59  5:56  Extractor  
  60  5:58  Drone x2  
  60  6:02  Drone  
  60  6:03  Drone  
  64  6:07  Drone x2  
  66  6:12  Lair  
  66  6:15  Drone  
  67  6:20  Drone x3  
  67  6:21  Drone  
  67  6:22  Drone  
  71  6:26  Drone  
  71  6:29  Drone x3  
  75  6:34  Queen  
  75  6:36  Drone  
  75  6:37  Drone  
  75  6:38  Drone  
  79  6:44  Roach  
  79  6:45  Overlord  
  81  6:47  Overlord  
  81  6:50  Zerg Missile Weapons Level 1  
  81  6:58  Roach, Overlord, Extractor  
  81  7:00  Extractor  
  81  7:04  Drone x2  
  81  7:05  Roach x3  
  89  7:11  Drone x5  
  94  7:17  Drone  
  94  7:21  Drone x2  
  96  7:26  Glial Reconstitution  
  96  7:27  Drone  
  97  7:31  Drone x3  
  97  7:36  Spire, Roach x2  
  103  7:37  Overseer  
  103  7:40  Overlord  
  103  7:42  Roach, Extractor  
  104  7:45  Overlord  
  104  7:51  Drone  
  105  7:58  Overlord  
  105  8:01  Hatchery, Roach x3  
  110  8:06  Drone  
  110  8:08  Roach  
  110  8:09  Roach x3  
  119  8:14  Overlord x2  
  116  8:31  Overlord  
  116  8:47  Mutalisk x3  
  116  8:48  Mutalisk x6  
  129  8:51  Roach x5  
  129  8:55  Roach x3  
  145  8:57  Overlord  
  145  8:59  Roach  
  149  9:03  Roach x2  
  149  9:07  Roach x2  
  149  9:09  Overlord  
  154  9:12  Overlord  
  154  9:16  Drone  
  155  9:22  Roach  
  157  9:25  Roach x2  
  157  9:29  Hatchery  
  157  9:30  Roach x2  
  164  9:34  Roach  
  164  9:35  Roach x2  
  164  9:37  Overlord  
  170  9:39  Ravager x3  
  170  9:42  Overlord  
  173  9:46  Overlord  
  173  9:49  Roach x2  
  173  9:51  Overlord  
Tags
 
Add a new tag
Caveats
  • Supply blocks, unpowered buildings, or Contaminate may cause inaccurate times.
  • Supply counts are checked every 10 seconds.